AoeStats
← Miyamoto

African Clearing

510716497Analyzed
4v4 RM · 21h ago on Oct 2, 2026· 71m 47s· 8 players
Game mode
Random Map
Map size
Large (8 player)
Population
200
Speed
Normal
Resources
Standard
Victory
Conquest
Starting age
Dark Age
Ending age
Imperial Age
RankedLock teamsTeams togetherTeam positionsShared explorationLock speedFull tech treeHidden civsTurbo modeCheats
Victory
Defeat
🇨🇳 Slavs · China
1211
+13
🇦🇺 Goths · Australia
1207
+13
🇩🇪 Franks · Germany
1201
+14
🇳🇱 Maya · Netherlands
1119
+17
🇨🇳 Vietnamese · China
1248
-17
🇮🇳 Mongols · India
1213
-17
🇯🇵 Huns · Japan
1156
-15
🇮🇳 Italians · India
982
-8
Birkules
10:34 Loom
13:28 Feudal Age
22:22 Castle Age
20:56 Double-Bit Axe
23:01 Padded Archer Armor
22:45 Pikeman
23:34 Elite Skirmisher
29:11 Bow Saw
43:29 Imperial Age
41:22 Husbandry
42:23 Forging
42:04 Fletching
42:20 Scale Barding Armor
42:34 Gold Mining
43:16 Leather Archer Armor
43:06 Scale Mail Armor
44:02 Gold Shaft Mining
44:54 Conscription
45:17 Wheelbarrow
44:27 Cavalier
45:42 Chain Barding Armor
47:01 Plate Barding Armor
46:43 Stone Mining
47:27 Chivalry
48:04 Hoardings
47:49 Hand Cart
48:35 Squires
48:21 Arson
50:03 Iron Casting
49:24 Bodkin Arrow
50:49 Paladin
53:58 Chemistry
53:19 Ballistics
52:40 Treadmill Crane
53:11 Masonry
62:32 Blast Furnace
61:48 Chain Mail Armor
62:45 Light Cavalry
67:09 Halberdier
72:30 Plate Mail Armor
Miyamoto
4:20 Loom
13:32 Feudal Age
18:07 Castle Age
15:58 Double-Bit Axe
17:09 Horse Collar
18:39 Wheelbarrow
22:47 Stone Mining
25:18 Fletching
26:38 Wheelbarrow
27:09 Bodkin Arrow
28:32 Padded Archer Armor
29:53 Ballistics
32:28 Leather Archer Armor
35:28 Hand Cart
37:51 Imperial Age
38:38 Bracer
39:09 Ring Archer Armor
40:28 Bow Saw
40:21 Heavy Plow
40:44 Elite Plumed Archer
42:00 Hoardings
41:47 Conscription
42:52 Squires
42:56 Scale Mail Armor
43:06 Forging
44:54 Chemistry
44:06 Masonry
43:51 Murder Holes
44:42 Eagle Warrior
45:08 Arson
45:40 Chain Mail Armor
46:00 Iron Casting
46:32 Holcans
45:43 Elite Eagle Warrior
47:02 Plate Mail Armor
46:21 Pikeman
49:40 Blast Furnace
51:11 Halberdier
53:04 Hul'che Javelineers
53:14 Thumb Ring
54:18 Guilds
58:01 Elite Skirmisher
64:40 Two-Man Saw
64:13 Crop Rotation
67:38 Architecture
67:05 Murder Holes
66:51 Treadmill Crane
muui
3:55 Loom
15:47 Feudal Age
16:34 Town Watch
17:28 Wheelbarrow
16:54 Horse Collar
17:13 Double-Bit Axe
25:22 Castle Age
24:05 Bloodlines
24:13 Forging
26:28 Pikeman
28:54 Light Cavalry
31:31 Bow Saw
33:37 Scale Barding Armor
34:21 Detinets
37:19 Heavy Plow
40:43 Husbandry
41:13 Hand Cart
43:24 Chain Barding Armor
43:40 Iron Casting
43:07 Scale Mail Armor
48:01 Gold Mining
48:02 Stone Mining
51:58 Imperial Age
55:56 Imperial Age
56:35 Hussar
58:00 Plate Barding Armor
59:01 Two-Man Saw
58:36 Crop Rotation
60:38 Blast Furnace
69:45 Masonry
SweatyPenguin
10:46 Loom
12:39 Feudal Age
13:10 Double-Bit Axe
13:06 Horse Collar
22:53 Castle Age
21:52 Forging
23:15 Fletching
23:23 Elite Skirmisher
23:40 Pikeman
28:33 Gold Mining
29:37 Bodkin Arrow
32:19 Scale Mail Armor
33:28 Squires
35:18 Man-at-Arms
36:41 Iron Casting
36:22 Chain Mail Armor
37:40 Bow Saw
37:31 Heavy Plow
40:18 Chain Mail Armor
44:21 Padded Archer Armor
45:35 Ballistics
48:58 Imperial Age
47:37 Wheelbarrow
47:43 Leather Archer Armor
47:46 Anarchy
51:49 Imperial Age
51:55 Hand Cart
52:07 Halberdier
53:20 Capped Ram
54:19 Bracer
54:50 Ring Archer Armor
59:14 Blast Furnace
61:46 Crop Rotation
Fujiwara
12:25 Feudal Age
10:43 Loom
19:46 Castle Age
18:00 Double-Bit Axe
18:53 Horse Collar
19:09 Gold Mining
19:10 Stone Mining
21:00 Fletching
21:38 Bow Saw
23:35 Bodkin Arrow
25:11 Padded Archer Armor
27:38 Wheelbarrow
28:19 Leather Archer Armor
31:18 Hand Cart
40:46 Imperial Age
39:32 Town Watch
40:00 Thumb Ring
40:18 Ballistics
40:57 Bloodlines
40:48 Husbandry
40:09 Light Cavalry
41:03 Marauders
40:54 Heavy Cavalry Archer
42:01 Parthian Tactics
43:08 Chemistry
42:04 Murder Holes
42:11 Bracer
42:17 Scale Barding Armor
42:23 Forging
42:34 Elite Skirmisher
43:48 Imperial Skirmisher
44:50 Masonry
45:02 Chain Barding Armor
47:06 Iron Casting
48:07 Plate Barding Armor
51:06 Blast Furnace
50:32 Hussar
50:53 Cavalier
52:06 Paladin
53:10 Paladin
57:02 Conscription
56:59 Elite Tarkan
67:07 Town Patrol
70:40 Town Patrol
percy5655
5:46 Loom
14:02 Feudal Age
15:09 Double-Bit Axe
18:09 Bloodlines
19:03 Wheelbarrow
24:02 Castle Age
23:06 Stone Mining
22:58 Horse Collar
23:56 Gold Mining
24:59 Hand Cart
25:13 Bow Saw
25:07 Heavy Plow
26:26 Stone Shaft Mining
26:53 Fletching
30:15 Padded Archer Armor
31:27 Bodkin Arrow
39:31 Leather Archer Armor
43:16 Imperial Age
42:43 Ballistics
44:09 Bracer
44:40 Ring Archer Armor
47:04 Chemistry
49:29 Two-Man Saw
49:02 Crop Rotation
49:51 Siege Engineers
49:59 Masonry
50:21 Town Watch
51:37 Elite Rattan Archer
54:36 Coinage
54:51 Scale Mail Armor
55:02 Forging
58:13 Banking
62:26 Pikeman
63:25 Forging
63:22 Halberdier
64:48 Iron Casting
VVS
5:08 Loom
13:51 Feudal Age
14:40 Town Watch
15:57 Wheelbarrow
19:48 Castle Age
19:53 Stone Mining
22:41 Double-Bit Axe
24:31 Fletching
32:13 Bow Saw
32:35 Padded Archer Armor
35:21 Gold Mining
42:57 Horse Collar
53:37 Imperial Age
54:00 Hand Cart
54:40 Heavy Plow
55:16 Conscription
57:43 Ballistics
58:25 Chemistry
58:43 Elite Genoese Crossbowman
61:01 Bodkin Arrow
61:22 Leather Archer Armor
63:35 Ring Archer Armor
63:05 Bracer
63:08 Arson
63:24 Squires
62:44 Pikeman
64:15 Forging
64:07 Scale Mail Armor
66:51 Chain Mail Armor
67:11 Iron Casting
DrGameHer
7:45 Loom
8:15 Loom
16:41 Feudal Age
21:18 Castle Age
19:16 Double-Bit Axe
21:41 Horse Collar
22:13 Bow Saw
23:15 Scale Barding Armor
24:44 Chain Barding Armor
29:40 Bloodlines
31:19 Heavy Plow
37:16 Imperial Age
36:11 Wheelbarrow
36:25 Forging
36:30 Bloodlines
37:30 Husbandry
37:47 Cavalier
40:37 Iron Casting
44:24 Coinage
45:29 Blast Furnace
48:24 Conscription
52:51 Hand Cart
52:22 Town Watch
53:07 Capped Ram
54:56 Siege Ram
59:37 Banking
64:58 Heavy Scorpion
Connection lost

Rejoining the realm…

Still unreachable

The connection could not be restored.

Session expired

The server has moved on; the page needs a fresh start.